 Dungeon Crawl Stone Soup version 0.18-a0-1523-gbe15c29 (webtiles) character file.

333 Gorice the Quickloader (level 6, 0/51 HPs)
             Began as a Kobold Arcane Marksman on Mar 7, 2016.
             Slain by a sky beast (6 damage)
             ... on level 5 of the Dungeon.
             The game lasted 00:16:22 (3116 turns).

Gorice the Quickloader (Kobold Arcane Marksman)     Turns: 3116, Time: 00:16:23

Health: 0/51       AC: 23    Str: 12    XL:     6   Next: 82%
Magic:  7/7        EV:  3    Int: 11    God:
Gold:   159        SH:  0    Dex: 15    Spells: 1 memorised, 6 levels left

rFire  . . .     SeeInvis .     a - +0 rapier
rCold  . . .     Gourm    .     (armour currently unavailable)
rNeg   + + +     Faith    .     (shield restricted)
rPois  +         Spirit   .     (helmet currently unavailable)
rElec  .         Dismiss  .     (cloak currently unavailable)
rCorr  .         Reflect  .     (gloves currently unavailable)
SustAt .         Harm     .     (boots currently unavailable)
MR     .....     NoTele   +     p - amulet of regeneration
Stlth  +.........               (no ring)
                                r - ring of flight

@: tree-form, not resistant to hostile enchantments, very unstealthy
A: carnivore 3
a: no special abilities


You were on level 5 of the Dungeon.
You were very full.
You were a tree.
You visited 1 branch of the dungeon, and saw 5 of its levels.

You collected 159 gold pieces.

Inventory:

Hand Weapons
 a - a +0 rapier (weapon)
 b - a +0 hand crossbow
 q - a +0 flail
 s - a +0 whip
Missiles
 h - 5 bolts
 v - 3 tomahawks
 Y - a throwing net (quivered)
 Z - 61 stones
Armour
 e - a +0 robe
 k - a +0 ring mail (melded)
Jewellery
 m - an uncursed amulet of dismissal
 p - an amulet of regeneration (around neck)
 r - a ring of flight (left branch)
Scrolls
 j - a scroll of identify
 o - 5 scrolls of remove curse
 u - a scroll of recharging
 w - a scroll of immolation {unknown}
 x - a scroll of fog {unknown}
Potions
 i - 2 potions of heal wounds {!q}
 l - 4 potions of curing
 n - 2 potions of cure mutation {!q}
Books
 c - a book of Debilitation
Comestibles
 d - a chunk of flesh
 f - 2 meat rations {!e}
 g - 3 beef jerkies


   Skills:
 - Level 1.1 Fighting
 + Level 0.0 Short Blades
 - Level 8.1 Crossbows
 - Level 2.4 Dodging
 - Level 1.0 Spellcasting
 - Level 3.0 Hexes


You had 6 spell levels left.
You knew the following spells:

 Your Spells              Type           Power        Failure   Level  Hunger
a - Corona                Hex            #......      12%         1    ##.....


Dungeon Overview and Level Annotations

Branches:
Dungeon (5/15)
 Temple: D:4-7

Altars:
Gozag
Pakellas

Annotations:
D:4 FrancescoMac's ghost, novice HaBe


Innate Abilities, Weirdness & Mutations

You are small and have problems with some larger weapons.
You are carnivorous and can eat meat at any time.


Message History

Aiming: Corona
Press: ? - help, Shift-Dir - straight line, f - sky beast
Aim: a sky beast (heavily wounded, chance to defeat MR: 41%)
The sky beast is outlined in light.
The sky beast hits you. The sky beast shocks you.
Damage: 7 (max 8)
You barely miss the sky beast.
The sky beast is heavily wounded.
The sky beast hits you but does no damage.
You barely miss the sky beast.
The sky beast is heavily wounded.
The sky beast closely misses you.
The sky beast hits you but does no damage.
You hit the sky beast.
The sky beast is heavily wounded.
The sky beast hits you. The sky beast shocks you.
* * * LOW HITPOINT WARNING * * *
Damage: 7 (max 8)
You hit the sky beast but do no damage.
The sky beast is heavily wounded.
The sky beast hits you but does no damage.
You puncture the sky beast!
The sky beast is severely wounded.
The sky beast barely misses you.
You barely miss the sky beast.
The sky beast is severely wounded.
The sky beast barely misses you.
Drink which item? (? for menu, Esc to quit)
Really quaff
t - a potion of lignification {!q}?
You turn into a tree.
Your +0 ring mail melds into your body.
Your roots penetrate the ground.
The sky beast hits you but does no damage.
You barely miss the sky beast.
The sky beast is severely wounded.
The sky beast hits you.
* * * LOW HITPOINT WARNING * * *
The sky beast shocks you.
* * * LOW HITPOINT WARNING * * *
The sky beast hits you but does no damage.
Damage: 8 (max 8)
You hit the sky beast but do no damage.
The sky beast is severely wounded.
The sky beast stops glowing.
The sky beast hits you but does no damage.
You hit the sky beast.
The sky beast is almost dead.
The sky beast hits you.
* * * LOW HITPOINT WARNING * * *
The sky beast shocks you.
You die...

# ###
#.#.. #
#.#.###..#
#..Y.....#
#.#♣####.#
#........#
###<######
........#
#########


You could see a sky beast.

Vanquished Creatures
  An ogre (D:3)
  An orc priest (D:4)
  Jessica (D:2)
  An orc wizard (D:4)
  7 adders
  2 oozes (D:1)
  4 worms
  5 dart slugs
  2 giant geckos (D:1)
  5 orcs
  A ball python (D:2)
  3 bats
  7 giant cockroaches
  8 goblins
  4 hobgoblins
  4 jackals
  2 quokkas
  A giant newt (D:2)
  6 kobolds
  9 rats
74 creatures vanquished.

Notes
Turn   | Place    | Note
--------------------------------------------------------------
     0 | D:1      | Gorice the Kobold Arcane Marksman began the quest for the Orb.
     0 | D:1      | Reached XP level 1. HP: 12/12 MP: 2/2
    23 | D:1      | Reached skill level 3 in Crossbows
    80 | D:1      | Reached XP level 2. HP: 16/16 MP: 3/3
   569 | D:1      | Reached XP level 3. HP: 20/20 MP: 4/4
   580 | D:1      | Reached skill level 4 in Crossbows
  1152 | D:2      | Reached XP level 4. HP: 25/25 MP: 5/5
  1247 | D:2      | Reached skill level 5 in Crossbows
  1353 | D:2      | Noticed Jessica
  1359 | D:2      | Killed Jessica
  1359 | D:2      | Reached XP level 5. HP: 29/29 MP: 6/6
  1468 | D:2      | Reached skill level 6 in Crossbows
  1688 | D:3      | Found an opulent altar of Gozag.
  1790 | D:3      | Found an oddly glowing altar of Pakellas.
  1983 | D:3      | Noticed an ogre
  2012 | D:3      | Killed an ogre
  2012 | D:3      | Reached skill level 7 in Crossbows
  2012 | D:3      | Reached XP level 6. HP: 34/34 MP: 7/7
  2196 | D:3      | Found an opulent altar of Gozag.
  2482 | D:4      | Noticed FrancescoMac's ghost (novice HaBe)
  2824 | D:4      | Reached skill level 8 in Crossbows
  3015 | D:4      | Noticed an ogre
  3091 | D:5      | Entered Level 5 of the Dungeon
  3091 | D:5      | Noticed a sky beast
  3109 | D:5      | HP: 8/34 [sky beast (6)]
  3114 | D:5      | HP: 12/51 [sky beast (3)]
  3116 | D:5      | Slain by a sky beast

Vault maps used:
D:1:      co_arrival_random_square_maze
D:2:      uniq_jessica
D:3:      grunt_pakellas_basics, lemuel_crystal_altar, hex_medium,
          nicolae_gozag_cash_rules_everything_around_me
D:4:      bloody_trog, minmay_temple_entry_trees
D:5:      gup_sewer_entry_bowl, first_bread

Skill      XL: |  1  2  3  4  5  6 |
---------------+-------------------+-----
Crossbows      | 3 4 5 7 8 |  8.1
Fighting       | |  1.1
Dodging        | |  2.4
Spellcasting   | |  1.0
Hexes          | |  3.0

Action                   |  1- 3 |  4- 6 || total
-------------------------+-------+-------++-------
Melee: Whip              |     3 |   104 ||   107
       Rapier            |       |    20 ||    20
 Fire: Hand crossbow     |    78 |    95 ||   173
Throw: Throwing net      |     1 |     1 ||     2
       Tomahawk          |       |     1 ||     1
 Cast: Corona            |     2 |     3 ||     5
  Use: Scroll            |     3 |     6 ||     9
       Potion            |       |     1 ||     1
  Eat: Chunk             |     9 |     6 ||    15

Table legend:
 A = Turns spent in this place as a percentage of turns spent in the entire game.
 B = Non-inter-level travel turns spent in this place as a percentage of non-inter-level travel turns spent in the entire game.
 C = Inter-level travel turns spent in this place as a percentage of turns spent in this place.
 D = Turns resting spent in this place as a percentage of non-inter-level travel turns spent in this place.
 E = Turns spent auto-exploring this place as a percentage of non-inter-level travel turns spent in this place.
 F = Non-inter-level travel turns spent in this place divided by the number of levels of this place that you've seen.
                   A       B       C       D       E      F
               +-------+-------+-------+-------+-------+----------------------
         Total | 100.0 | 100.0 |   0.7 |   0.2 |   6.4 | 241.8
       Dungeon | 100.0 | 100.0 |   0.7 |   0.2 |   6.4 | 241.8
               +-------+-------+-------+-------+-------+----------------------

Vault maps used:
D:1:      co_arrival_random_square_maze
D:2:      uniq_jessica
D:3:      grunt_pakellas_basics, lemuel_crystal_altar, hex_medium,
          nicolae_gozag_cash_rules_everything_around_me
D:4:      bloody_trog, minmay_temple_entry_trees
D:5:      gup_sewer_entry_bowl, first_bread
